 Dungeon Crawl Stone Soup version 0.30-a0-718-geaa24f58ff (webtiles) character file.

Game seed: 17556810193228822217

22422 BigDaddyOpFi the Fighter (level 11, -10/79 (85) HPs)
             Began as a Black Draconian Fire Elementalist on Jan 25, 2023.
             Was a High Priest of Ru.
             Mangled by a red ugly thing (22 damage)
             ... on level 14 of the Dungeon.
             The game lasted 00:33:39 (24850 turns).

BigDaddyOpFi the Fighter (DrFE)                    Turns: 24850, Time: 00:33:40

HP:   -10/79 (85)   AC: 14    Str: 10      XL:     11   Next: 62%
MP:   19/23         EV: 14    Int: 19 (21) God:    Ru [*****.]
Gold: 1551          SH:  0    Dex: 11      Spells: 16/26 levels left

rFire   . . .      SeeInvis +    b - +4 dagger (flame)
rCold   . . .      Faith    +    e - orb {guile}
rNeg    . . .      Spirit   .    (body armour unavailable)
rPois   +          Reflect  .    (helmet restricted)
rElec   +          Harm     .    (no cloak)
rCorr   .          Rampage  .    L - +2 pair of gloves
Will    .....                    (no boots) Stlth
                                 E - amulet of faith
HPRegen 0.33/turn                I - ring of see invisible
MPRegen 0.18/turn                u - ring of the Sun {rElec rPois AC+4}

@: exhausted, drained, invisible
A: breathe lightning, AC +7, unfitting armour, frail 1, electricity resistance,
cold-blooded, no stealth, hated by all, inexperienced 1, deterioration 1
a: Breathe Lightning, Renounce Religion, Draw Out Power, Power Leap, Apocalypse


You were on level 14 of the Dungeon.
You worshipped Ru.
Ru was extremely pleased with you.
You visited 2 branches of the dungeon, and saw 16 of its levels.
You also visited: Ossuary.

You collected 1551 gold pieces.

Inventory:

Hand Weapons
 b - a +4 dagger of flaming (weapon)
 c - a +0 short sword of draining
 m - a +4 sling
 s - a +0 quarterstaff
 C - a +0 arbalest
Armour
 e - an orb of guile (worn)
 j - the +0 cloak of Past Mistakes {rPois rN+ Int-5 Dex+2}
   (You found it on level 2 of the Dungeon)

   Int:       It affects your intelligence (-5).
   Dex:       It affects your dexterity (+2).
   rPois:     It protects you from poison.
   rN:        It protects you from negative energy.
 L - a +2 pair of gloves (worn)
Jewellery
 g - a ring of resist corrosion
 l - a ring of protection from cold
 q - an amulet of guardian spirit
 u - the ring of the Sun (right hand) {rElec rPois AC+4}
   (You found it on level 3 of the Dungeon)

   [ring of protection]

   AC:        It affects your AC (+4).
   rElec:     It insulates you from electricity.
   rPois:     It protects you from poison.
 E - an amulet of faith (around neck)
 I - a ring of see invisible (left hand)
 J - a ring of positive energy
 K - a ring of willpower
 M - an amulet of reflection
Wands
 d - a wand of quicksilver (3)
 D - a wand of paralysis (3)
 G - a wand of polymorph (13)
 H - a wand of roots (4)
 N - a wand of mindburst (9)
Scrolls
 f - 3 scrolls of magic mapping
 p - a scroll of immolation {unknown}
 v - 3 scrolls of fog
 w - 8 scrolls of identify
 x - a scroll of teleportation
 y - 4 scrolls of vulnerability
 A - 3 scrolls of enchant armour
 B - 2 scrolls of noise
 F - a scroll of blinking {unknown}
Potions
 h - a potion of lignification
 k - a potion of mutation
 n - 2 potions of brilliance
 o - 2 potions of invisibility
 t - 2 potions of degeneration


   Skills:
 - Level 8.4 Fighting
 - Level 6.3 Short Blades
 - Level 7.2 Dodging
   Level 0.0 Stealth
 + Level 8.1 Spellcasting
 - Level 7.7 Conjurations
 + Level 3.4 Translocations
 - Level 8.3 Fire Magic
 + Level 4.2 Air Magic
 + Level 6.4 Evocations


You had 16 spell levels left.
You knew the following spells:

 Your Spells              Type           Power      Damage    Failure   Level
a - Foxfire               Conj/Fire      100%       2x1d9     1%          1
b - Scorch                Fire           78%        2d9       1%          2
c - Flame Wave            Conj/Fire      38%        2d10      3%          4
d - Kindle Blastsparks    Fire/Tloc/Air  54%        2d14      3%          3

Your spell library contained the following spells:

 Spells                   Type           Power      Damage    Failure   Level
 Inner Flame              Hex/Fire       23%        N/A       4%          3
 Cigotuvi's Dreadful Rot  Necr/Pois/Air  26%        N/A       8%          2
 Passage of Golubria      Tloc           20%        N/A       22%         4
 Yara's Violent Unravell  Hex/Tmut       3%         3d4       94%         5
 Eringya's Noxious Bog    Tmut/Pois      3%         N/A       100%        6
 Summon Small Mammal      Summ           Unusable   N/A       N/A         1
 Call Canine Familiar     Summ           Unusable   N/A       N/A         3
 Summon Guardian Golem    Hex/Summ       Unusable   N/A       N/A         3
 Tukima's Dance           Hex            Unusable   N/A       N/A         3
 Summon Ice Beast         Ice/Summ       Unusable   N/A       N/A         4
 Summon Mana Viper        Hex/Summ       Unusable   N/A       N/A         5
 Monstrous Menagerie      Summ           Unusable   N/A       N/A         7

Dungeon Overview and Level Annotations

Branches:
Dungeon (15/15)            Temple (1/1) D:4            Lair (0/5) D:8
    Orc (0/2) D:11        Ossuary (visited)
 Vaults: D:13-14     Depths: D:15

Altars:
Ashenzari
Cheibriados
Dithmenos
Elyvilon
Gozag
Kikubaaqudgha
Makhleb
Nemelex Xobeh
Okawaru
Qazlal
Ru
Sif Muna
Trog
Uskayaw
Vehumet
Wu Jian
Xom
Zin
The Shining One

Shops:
D:1 ?   D:9 ?   D:13 (

Annotations:
D:3 1 runed translucent door, mandoloar's ghost, amateur DEHu
D:4 1 runed translucent door, gelatine's ghost, amateur DsFE
D:13 2 transporters
D:15 Louise


Innate Abilities, Weirdness & Mutations

You can breathe wild blasts of lightning.
Your glossy black scales are hard. (AC +7)
You cannot fit into any form of body armour.
You are frail. (-10% HP)
You are resistant to electric shocks. (rElec)
You are cold-blooded and may be slowed by cold attacks.
You cannot be stealthy.
You are hated by all.
You are somewhat inexperienced. (-1 XL)
Your body sometimes deteriorates upon taking damage.


Message History

Casting: Scorch (safe; 1% risk of failure)
Confirm with . or Enter, or press ? or * to list all spells.
Flames lash the white ugly thing.
The white ugly thing is burned terribly!
The white ugly thing is heavily wounded.
Casting: Scorch (safe; 1% risk of failure)
Confirm with . or Enter, or press ? or * to list all spells.
Flames lash the white ugly thing.
The white ugly thing is burned terribly!
The white ugly thing is almost dead.
Casting: Scorch (safe; 1% risk of failure)
Confirm with . or Enter, or press ? or * to list all spells.
Flames lash the white ugly thing.
The white ugly thing is almost dead.
The red ugly thing is no longer paralysed.
Casting: Scorch (safe; 1% risk of failure)
Confirm with . or Enter, or press ? or * to list all spells.
Flames lash the white ugly thing.
The white ugly thing is burned terribly!
The white ugly thing is almost dead.
Casting: Scorch (safe; 1% risk of failure)
Confirm with . or Enter, or press ? or * to list all spells.
Flames lash the red ugly thing.
The red ugly thing resists.
The red ugly thing is severely wounded.
The red ugly thing's fire resistance burns away.
Casting: Scorch (safe; 1% risk of failure)
Confirm with . or Enter, or press ? or * to list all spells.
Flames lash the white ugly thing.
The white ugly thing is burned terribly!
You kill the white ugly thing!
Casting: Scorch (safe; 1% risk of failure)
Confirm with . or Enter, or press ? or * to list all spells.
You don't have enough magic to cast this spell.
Casting: Scorch (safe; 1% risk of failure)
Confirm with . or Enter, or press ? or * to list all spells.
You don't know that spell.
Magic courses through your body. The red ugly thing kicks you.
* * * LOW HITPOINT WARNING * * *
You are engulfed in flames!!
You die...

#........# #..# #..# #.
#........# #..# #..# #.
#........# #..# #..# #.
#........# #.u# #..# #.
#......).# #..# #..# #.
#........# #..# #..# .
#........# #†.# #..# #÷.......#
#uu# #..# #.)......# #@.# #..#
#........# #..# #..# #........#
#..# #..# #........# #..# #..#
#....^...######..###..########
...............[...............
###############################


You could see 3 ugly things.

Vanquished Creatures
  Jorgrun (D:14)
  2 hydras
  3 two-headed ogres
  A wizard (D:14)
  A deep elf pyromancer (D:12)
  A cyclops (D:14)
  8 ugly things
  2 manticores
  Maurice (D:11)
  A gargoyle (D:11)
  Maggie (D:8)
  2 unseen horrors (D:11)
  A freezing wraith (D:14)
  A kobold demonologist (D:13)
  3 trolls (D:12)
  A hornet (D:9)
  2 hornets (shapeshifter)
  A shadow (D:10)
  A wyvern (D:8)
  20 yaks
  3 vampires
  3 wraiths
  2 steam dragons (D:8)
  7 vampire mosquitoes
  Menkaure (D:7)
  An acid dragon (D:14)
  3 water moccasins
  4 orc warriors
  2 ice beasts
  4 ogres
  2 phantoms (D:6)
  A kobold brigand (D:13)
  3 bullfrogs
  A necrophage (D:7)
  A gnoll sergeant (D:10)
  A scorpion (D:7)
  2 water moccasin zombies (Ossuary)
  9 wights
  11 killer bees
  5 howler monkeys
  2 hounds
  A jelly (D:5)
  6 orc priests
  3 iguanas
  Natasha (thrice) (D:2)
  13 orc wizards
  2 mummies (Ossuary)
  An adder (shapeshifter) (D:13)
  6 adders
  3 gnolls (D:10)
  2 shadow imps (D:5)
  2 white imps
  2 ufetubi
  5 adder zombies (Ossuary)
  A dart slug (D:2)
  28 orcs
  9 bats
  6 endoplasms
  A giant cockroach (D:2)
  7 goblins
  7 hobgoblins
  2 jackals (D:3)
  6 quokkas
  3 ball pythons
  6 frilled lizards
  4 gnoll zombies (Ossuary)
  4 hobgoblin zombies (Ossuary)
  10 kobolds
  6 kobold zombies (Ossuary)
  2 orc zombies (Ossuary)
  6 rats
  A spectral orc (D:5)
  2 foxfires (D:10)
282 creatures vanquished.

Vanquished Creatures (others)
  A two-headed ogre (D:12)
  An efreet (D:14)
  A yak (D:10)
  An acid dragon (D:14)
  An electric eel (D:14)
  855 foxfires
860 creatures vanquished.

Grand Total: 1142 creatures vanquished

Notes
Turn   | Place    | Note
-------+----------+-------------------------------------------
     0 | D:1      | BigDaddyOpFi the Draconian Fire Elementalist began the
                  | quest for the Orb.
     0 | D:1      | Reached XP level 1. HP: 14/14 MP: 3/3
    55 | D:1      | Found Lecrit's Magic Scroll Shoppe.
   283 | D:1      | Reached XP level 2. HP: 20/20 MP: 1/5
   870 | D:1      | Reached XP level 3. HP: 27/27 MP: 4/6
  1273 | D:2      | Identified the +0 cloak of Past Mistakes {rPois rN+ Int-5
                  | Dex+2}
  1282 | D:2      | Identified a scroll of acquirement
  1282 | D:2      | Acquired 699 gold pieces
  1486 | D:2      | Reached skill level 1 in Fighting
  1593 | D:2      | Found a faded altar of an unknown god.
  1593 | D:2      | Noticed Natasha
  1613 | D:2      | Killed Natasha
  1614 | D:2      | Reached XP level 4. HP: 35/35 MP: 7/7
  1828 | D:2      | Noticed Natasha
  1835 | D:2      | Killed Natasha
  2179 | D:2      | Noticed Natasha
  2183 | D:2      | Killed Natasha
  2184 | D:2      | Reached XP level 5. HP: 41/41 MP: 3/9
  2458 | D:3      | Learned a level 2 spell: Scorch
  2505 | D:3      | Found a runed translucent door.
  2505 | D:3      | Noticed mandoloar's ghost (amateur DEHu)
  3240 | D:3      | Identified the ring of the Sun {rElec rPois AC+4}
  3568 | D:3      | Found a sparkling altar of Nemelex Xobeh.
  3854 | D:4      | Found a sand-covered staircase.
  3935 | Ossuary  | Entered an ossuary
  4093 | Ossuary  | Reached XP level 6. HP: 38/50 MP: 1/10
  5692 | D:4      | Found a runed translucent door.
  5846 | D:4      | Noticed gelatine's ghost (amateur DsFE)
  6142 | D:4      | Found a staircase to the Ecumenical Temple.
  6314 | Temple   | Entered the Ecumenical Temple
  6397 | Temple   | Became a worshipper of Ru the Awakened
  6483 | D:5      | Entered Level 5 of the Dungeon
  6821 | D:5      | Your scales start taking on a glossy black colour.
  6821 | D:5      | Reached XP level 7. HP: 57/57 MP: 0/12
  6821 | D:5      | Gained mutation: You are resistant to electric shocks.
                  | (rElec) [Black Draconian growth]
  7329 | D:5      | Found a basalt altar of Yredelemnul.
  8158 | D:5      | Found an opulent altar of Gozag.
  8165 | D:5      | Found a shadowy altar of Dithmenos.
  8165 | D:5      | Found a broken altar of Ashenzari.
  8168 | D:5      | Found a radiant altar of Vehumet.
  8170 | D:5      | Found an iron altar of Okawaru.
  8331 | D:6      | Reached XP level 8. HP: 56/66 MP: 2/13
  8591 | D:6      | Reached skill level 5 in Fire Magic
  8955 | D:6      | Gained mutation: You are frail. (-10% HP) [Ru sacrifice]
  8955 | D:6      | Reached * piety under Ru
  9589 | D:7      | Reached skill level 5 in Fighting
  9885 | D:7      | Noticed Menkaure
  9891 | D:7      | Killed Menkaure
  9966 | D:7      | Reached XP level 9. HP: 66/66 MP: 11/16
 10496 | D:7      | Reached skill level 5 in Conjurations
 10688 | D:8      | Found a staircase to the Lair.
 10741 | D:8      | Noticed Maggie
 10756 | D:8      | Killed Maggie
 10757 | D:8      | Reached skill level 5 in Dodging
 10757 | D:8      | Reached skill level 5 in Stealth
 10757 | D:8      | Reached skill level 5 in Spellcasting
 11474 | D:8      | Identified the +2 ring mail "Fawea" {-Tele rCorr Str+4
                  | Dex+4}
 12096 | D:9      | Found Atoseboc's Magic Scroll Emporium.
 12758 | D:9      | Reached XP level 10. HP: 75/75 MP: 10/18
 13014 | D:9      | Reached skill level 1 in Evocations
 14100 | D:9      | Noticed a two-headed ogre
 14117 | D:10     | Entered Level 10 of the Dungeon
 14323 | D:10     | Learned a level 4 spell: Flame Wave
 14868 | D:9      | Found a snail-covered altar of Cheibriados.
 15232 | D:9      | Reached skill level 1 in Short Blades
 15769 | D:9      | Killed a two-headed ogre
 15883 | D:9      | Found a burning altar of Makhleb.
 16108 | D:10     | Gained mutation: You are somewhat inexperienced. (-1 XL)
                  | [Ru sacrifice]
 16108 | D:10     | Reached XP level 9. HP: 71/71 MP: 18/18
 16108 | D:10     | Reached ** piety under Ru
 16108 | D:10     | Reached *** piety under Ru
 16151 | D:10     | Noticed a two-headed ogre
 16160 | D:10     | Killed a two-headed ogre
 16742 | D:10     | Reached XP level 10. HP: 38/77 MP: 10/19
 17625 | D:11     | Noticed a purple ugly thing
 17638 | D:11     | Killed a purple ugly thing
 17934 | D:11     | Gained mutation: Your body sometimes deteriorates upon
                  | taking damage. [potion of mutation]
 18018 | D:11     | Gained mutation: You cannot be stealthy. [Ru sacrifice]
 18540 | D:11     | Found a staircase to the Orcish Mines.
 18829 | D:11     | Noticed Maurice
 18877 | D:12     | Noticed a deep elf pyromancer
 18889 | D:11     | Killed Maurice
 19391 | D:12     | Noticed a two-headed ogre
 19397 | D:12     | Killed a two-headed ogre
 19418 | D:13     | Reached skill level 5 in Short Blades
 20246 | D:12     | Noticed a two-headed ogre
 20252 | D:12     | Killed a two-headed ogre
 20290 | D:12     | Killed a deep elf pyromancer
 21164 | D:13     | Found Pidoy's Weapon Boutique.
 21175 | D:13     | Noticed a four-headed hydra
 21199 | D:13     | Killed a four-headed hydra
 21200 | D:13     | Reached XP level 11. HP: 18/85 MP: 4/21
 21480 | D:13     | Found a transporter.
 21482 | D:13     | Found a transporter.
 21486 | D:13     | Found a transporter.
 21570 | D:13     | Found a transporter.
 21591 | D:13     | Reached skill level 5 in Evocations
 22312 | D:13     | Noticed a fire dragon
 23260 | D:14     | HP: 4/85 [red ugly thing (20)]
 23605 | D:14     | Learned a level 3 spell: Kindle Blastsparks
 23678 | D:14     | Noticed an eight-headed hydra
 23688 | D:14     | Killed an eight-headed hydra
 23689 | D:14     | Reached skill level 1 in Air Magic
 24084 | D:15     | Entered Level 15 of the Dungeon
 24084 | D:15     | Noticed Louise
 24098 | D:14     | Reached skill level 1 in Translocations
 24250 | D:14     | Noticed Jorgrun
 24262 | D:14     | Killed Jorgrun
 24406 | D:14     | Got Wasu's Grimoire of the Tempest and Reformation
 24429 | D:14     | Gained mutation: You are hated by all. [Ru sacrifice]
 24429 | D:14     | Reached **** piety under Ru
 24429 | D:14     | Reached ***** piety under Ru
 24850 | D:14     | Mangled by a red ugly thing

Illustrated notes

Levels and vault maps discovered:
D:1:      shiori_arrival_maze, layout_loops_ring, serial_rivers,
          chequers_serial_rivers_micro_c, chequers_serial_rivers_large_a,
          chequers_serial_rivers_micro_c, chequers_serial_rivers_micro_c,
          serial_shops, nicolae_shop_stone
D:2:      layout_loops_ring, dreamdust_ecumenical_altar_angels_and_demons,
          nicolae_underground_beach, uniq_natasha
D:3:      minmay_spotlight, layout_basic, nemelex_dance_club_becter,
          hellmonk_ghost_happy_afterlife
D:4:      layout_loops_ring, minmay_temple_entry_nine_rooms,
          chequers_ossuary_entry_cave, ebering_ghost_sewer_d
D:5:      layout_loops_corners, minitemple, yredelemnul_forgotten_temple_becter,
          kennysheep_generic_room_13
D:6:      layout_cave_pools
D:7:      layout_loops_cross, lightli_minifort, uniq_menkaure
D:8:      layout_rooms, lair_entry_dummy, minmay_misc_feat_more_columns,
          uniq_maggie
D:9:      layout_layer_cave, mainiacjoe_overflow_surrounded_room,
          mainiacjoe_overflow_six_doors_small, serial_shops, shop_scrolls,
          dk_vineyard_3, hangedman_decor_points
D:10:     layout_basic, hangedman_abyss_or_decor_stagger
D:11:     layout_basic, minmay_orc_entry_temple_small, uniq_maurice
D:12:     layout_loops_ring, eino_tiny_chamber
D:13:     layout_basic, david_vaults_4, serial_shops, nicolae_shop_stone,
          nicolae_transporter_circle
D:14:     layout_long_grid, lemuel_freeze_loot_1, uniq_jorgrun
D:15:     grunt_enter_depths_giant_problem, layout_loops_ring,
          nzn_ghost_randoct, uniq_louise
Temple:   nicolae_temple_god_jail

Skill      XL: |  1  2  3  4  5  6  7  8  9 10 11 |
---------------+----------------------------------+-----
Stealth        | 2 3 4 5 0 |  0.0
Dodging        | 2 3 4 5 7 |  7.2
Fighting       | 1 2 3 4 5 6 8 |  8.4
Conjurations   | 2 3 4 5 7 |  7.7
Spellcasting   | 3 4 5 7 8 |  8.1
Fire Magic     | 4 5 6 8 |  8.3
Evocations     | 4 6 |  6.4
Short Blades   | 3 5 6 |  6.3
Air Magic      | 4 |  4.2
Translocations | 3 |  3.4

Action                     |  1- 3 |  4- 6 |  7- 9 | 10-12 || total
---------------------------+-------+-------+-------+-------++-------
  Melee: Dagger            |    17 |    56 |    65 |    81 ||   219
         Tailslap          |     3 |     7 |    18 |    13 ||    41
   Fire: Sling             |     9 |    34 |    18 |       ||    61
   Cast: Foxfire           |    59 |   156 |   286 |    57 ||   558
         Scorch            |       |     2 |    63 |   102 ||   167
         Flame Wave        |       |       |       |    64 ||    64
 Invoke: Sacrifice Health  |       |       |     1 |       ||     1
         Sacrifice Experie |       |       |     1 |       ||     1
         Sacrifice Stealth |       |       |       |     1 ||     1
         Apocalypse        |       |       |       |     2 ||     2
         Sacrifice Love    |       |       |       |     1 ||     1
Ability: Breathe Lightning |       |       |     4 |    13 ||    17
  Evoke: Wand              |       |       |       |    22 ||    22
    Use: Scroll            |     3 |     8 |     3 |    10 ||    24
         Potion            |       |     1 |     6 |    28 ||    35
 Armour: Skin              |    10 |    37 |    57 |   161 ||   265
  Dodge: Dodged            |    31 |    59 |    91 |   261 ||   442

Table legend: (Time is in decaauts)
 A = Elapsed time spent in this place.
 B = Non-inter-level travel time spent in this place.
 C = Inter-level travel time spent in this place.
 D = Time resting spent in this place.
 E = Time spent auto-exploring this place.
 F = Levels seen in this place.
 G = Mean time per level.
                   A        B        C        D        E       F      G
               +--------+--------+--------+--------+--------+-----+--------+
         Total |  24871 |  24415 |    456 |   9722 |  11829 |  17 | 1463.0 |
       Dungeon |  23150 |  22705 |    445 |   8331 |  11802 |  15 | 1543.3 |
        Temple |     93 |     83 |     10 |      0 |     27 |   1 |   93.0 |
       Ossuary |   1627 |   1627 |      0 |   1391 |      0 |   1 | 1627.0 |
               +--------+--------+--------+--------+--------+-----+--------+

Top non-repeatable levels by time:
     D:9: 3575 daAuts
    D:14: 2397 daAuts
     D:8: 1941 daAuts
     D:5: 1744 daAuts
    D:12: 1720 daAuts
    D:13: 1709 daAuts
 Ossuary: 1627 daAuts
    D:11: 1434 daAuts
    D:10: 1397 daAuts
     D:3: 1347 daAuts
     D:2: 1308 daAuts
     D:6: 1287 daAuts
     D:7: 1168 daAuts
     D:1: 1143 daAuts
     D:4: 971 daAuts
